Map: Romanticide LE

Players

HeroMarine - Winner!

  • Race: Terran Terran
  • Spawn Location: 5:00

Stats

  • Race: Protoss Protoss
  • Spawn Location: 11:00

Event: TSL 6

VOD

Have the link to the VOD?

Description

Time

  • Played on: Dec. 13, 2020, 12:38 p.m.
  • Length: 9:21

All games in this series

Show
View Real Time Build Order
Export as new Build Order

HeroMarine Terran - Winner!

Build Orders:  

Get SALT Encoding   

  12  0:00  SCV  
  13  0:12  SCV  
  14  0:18  Supply Depot  
  14  0:24  SCV  
  15  0:40  Barracks, SCV  
  16  0:46  Refinery  
  16  0:52  SCV  
  17  0:57  Refinery  
  17  1:04  SCV  
  18  1:16  SCV  
  19  1:30  Orbital Command  
  19  1:35  Reaper  
  20  1:45  Factory  
  20  1:52  Supply Depot  
  20  1:55  SCV  
  21  2:07  Reaper  
  21  2:08  SCV  
  23  2:14  Bunker  
  23  2:20  SCV  
  24  2:32  Hellion, SCV  
  26  2:38  Command Center  
  27  2:44  SCV  
  27  2:50  Supply Depot  
  27  2:53  Starport  
  27  2:56  SCV  
  27  2:57  Widow Mine  
  30  3:08  SCV  
  31  3:20  SCV  
  31  3:21  Widow Mine  
  34  3:30  Medivac  
  34  3:32  SCV  
  37  3:40  Command Center  
  37  3:43  Factory Tech Lab  
  37  3:44  SCV  
  38  3:51  Orbital Command  
  38  3:56  SCV  
  38  3:59  Refinery  
  38  4:01  Starport Tech Lab  
  39  4:04  Barracks Reactor  
  39  4:07  Siege Tank  
  42  4:10  SCV  
  43  4:17  SCV  
  43  4:21  Raven  
  43  4:22  Supply Depot, SCV  
  47  4:29  SCV  
  48  4:34  SCV  
  49  4:41  Barracks, SCV  
  49  4:43  Siege Tank  
  53  4:46  SCV, Marine  
  53  4:47  Marine  
  54  4:53  Orbital Command  
  54  4:57  SCV  
  54  4:58  SCV  
  56  5:06  Marine x2  
  58  5:10  SCV  
  58  5:11  SCV  
  59  5:14  Barracks  
  59  5:15  Siege Tank  
  59  5:21  SCV  
  63  5:23  SCV x2  
  63  5:26  Marine  
  63  5:27  Engineering Bay x2  
  63  5:28  Marine  
  67  5:33  SCV  
  67  5:34  Supply Depot  
  67  5:35  SCV  
  69  5:37  Marine  
  69  5:38  Stimpack  
  70  5:44  Orbital Command, Marine  
  70  5:49  SCV  
  71  5:50  SCV  
  71  5:53  Barracks  
  71  5:54  Barracks  
  71  5:57  Supply Depot  
  71  5:58  Terran Infantry Weapons Level 1  
  71  5:59  Terran Infantry Armor Level 1  
  71  6:02  SCV x2  
  73  6:04  Starport Reactor  
  73  6:06  Marine x2  
  73  6:07  Marine  
  73  6:08  Barracks Tech Lab  
  76  6:12  Refinery  
  76  6:14  SCV  
  76  6:15  SCV  
  76  6:16  SCV  
  79  6:24  Marine x2  
  79  6:25  Marauder  
  81  6:26  SCV  
  81  6:28  SCV x2  
  81  6:29  Combat Shield  
  81  6:30  Marauder  
  86  6:36  Supply Depot x2, Factory Reactor  
  86  6:38  SCV  
  87  6:40  SCV x2  
  87  6:44  Medivac x2  
  93  6:48  Barracks Reactor  
  93  6:49  Supply Depot x2  
  93  6:56  Supply Depot x2  
  93  6:58  SCV x3  
  93  7:01  Marauder x2  
  100  7:02  Marauder, Concussive Shells  
  100  7:03  Supply Depot  
  100  7:04  Marine x2  
  104  7:10  SCV x2  
  104  7:11  SCV  
  104  7:14  Medivac x2  
  111  7:17  Widow Mine, Armory  
  111  7:20  Widow Mine  
  115  7:23  Marauder, Marine x2  
  115  7:25  Marauder  
  115  7:27  Marauder  
  123  7:30  SCV x2, Refinery x2  
  123  7:31  SCV  
  123  7:36  Marine x2  
  128  7:42  SCV x2  
  128  7:43  SCV  
  128  7:44  Marine  
  130  7:45  Marauder, Marine  
  130  7:46  Marauder  
  130  7:48  Widow Mine, Marine  
  139  7:53  Marine  
  139  7:54  SCV, Marine  
  142  8:02  Widow Mine, Marine  
  142  8:03  Marine  
  142  8:05  Medivac  
  148  8:07  Marine  
  148  8:11  Marine  
  149  8:14  Supply Depot  
  149  8:15  Marauder  
  149  8:16  Widow Mine  
  149  8:18  Marauder  
  149  8:19  Marine x2  
  143  8:23  Marine  
  143  8:24  Medivac  
  143  8:26  Marauder  
  139  8:29  Marine  
  139  8:30  Widow Mine  
  139  8:36  Marauder  
  139  8:37  Widow Mine, Marine x2  
  139  8:39  Marauder  
  139  8:41  Marine  
  142  8:47  Marauder  
  145  8:50  Command Center, Marine  
  145  8:55  Marine x2  
  147  8:57  Marauder  
  147  8:59  Marine  
Show
View Real Time Build Order
Export as new Build Order

Stats Protoss 

Build Orders: 1 Gate Expand, Blink Stalkers 

Get SALT Encoding   

  12  0:00  Probe  
  13  0:12  Probe  
  14  0:18  Pylon  
  14  0:24  Probe (Chrono Boost)  
  15  0:37  Probe (Chrono Boost)  
  15  0:38  Gateway  
  16  0:45  Probe (Chrono Boost)  
  16  0:47  Assimilator  
  17  0:51  Probe  
  18  1:03  Probe  
  19  1:15  Probe  
  20  1:25  Zealot, Cybernetics Core  
  22  1:42  Nexus  
  22  1:46  Pylon  
  22  1:49  Probe  
  23  1:54  Assimilator  
  23  2:02  Stalker (Chrono Boost)  
  23  2:05  Warp Gate  
  23  2:08  Probe  
  26  2:20  Probe  
  26  2:22  Stalker (Chrono Boost)  
  27  2:32  Probe  
  28  2:45  Probe (Chrono Boost)  
  29  2:54  Probe (Chrono Boost)  
  29  2:57  Twilight Council  
  31  3:02  Probe (Chrono Boost)  
  31  3:03  Probe (Chrono Boost)  
  32  3:07  Stalker  
  32  3:08  Probe (Chrono Boost)  
  32  3:09  Probe (Chrono Boost)  
  36  3:21  Probe (Chrono Boost)  
  36  3:26  Probe (Chrono Boost)  
  38  3:29  Blink (Chrono Boost)  
  38  3:30  Probe (Chrono Boost)  
  38  3:31  Shield Battery  
  40  3:34  Probe (Chrono Boost)  
  40  3:35  Probe (Chrono Boost)  
  41  3:45  Probe  
  41  3:47  Pylon, Probe  
  43  3:50  Robotics Facility  
  43  3:57  Probe  
  43  3:59  Probe  
  45  4:06  Stalker  
  45  4:09  Probe  
  48  4:11  Probe  
  49  4:18  Nexus  
  49  4:21  Pylon  
  49  4:24  Probe x2  
  49  4:30  Assimilator  
  51  4:32  Assimilator  
  51  4:36  Probe x2  
  53  4:40  Stalker, Observer  
  55  4:48  Probe x2  
  56  5:00  Probe x2  
  58  5:09  Pylon  
  58  5:24  Gateway  
  58  5:25  Forge  
  58  5:27  Observer, Probe x2 (Chrono Boost)  
  61  5:28  Gateway  
  61  5:29  Pylon  
  61  5:30  Probe (Chrono Boost)  
  61  5:31  Gateway  
  62  5:36  Sentry  
  62  5:38  Probe x2 (Chrono Boost)  
  62  5:40  Probe (Chrono Boost)  
  67  5:43  Probe (Chrono Boost)  
  67  5:44  Probe (Chrono Boost)  
  67  5:46  Probe  
  67  5:48  Protoss Ground Weapons Level 1, Immortal  
  74  5:53  Probe  
  74  5:55  Pylon, Probe  
  75  5:58  Probe  
  75  5:59  Charge  
  76  6:05  Sentry, Probe  
  76  6:07  Pylon, Probe  
  76  6:08  Phoenix  
  76  6:10  Probe  
  80  6:22  Probe x2  
  80  6:23  Probe  
  83  6:27  Robotics Bay  
  83  6:28  Immortal, Forge  
  87  6:35  Probe x3  
  87  6:37  Assimilator x2  
  87  6:38  Pylon  
  90  6:40  Pylon  
  90  6:47  Probe x3  
  90  6:52  Gateway x2  
  93  6:57  Gateway  
  93  6:58  Stalker x3  
  93  7:00  Protoss Ground Armor Level 1  
  95  7:09  Probe x2  
  95  7:10  Probe  
  95  7:14  Gateway  
  95  7:15  Templar Archives  
  98  7:19  Colossus (Chrono Boost)  
  104  7:25  Probe  
  105  7:30  Extended Thermal Lance  
  105  7:35  Zealot x4  
  113  7:41  Pylon  
  113  7:43  Pylon  
  113  7:45  Pylon  
  113  7:48  Shield Battery  
  113  7:50  Zealot x2  
  117  8:06  Zealot x5  
  85  8:28  Stalker x3  
  85  8:29  Stalker x3, Zealot x2  
  85  8:33  Colossus (Chrono Boost)  
  97  8:40  Shield Battery  
  97  8:41  Nexus  
  91  8:42  Pylon  
  90  8:53  High Templar x4  
  98  8:59  Archon x2  
  98  9:01  Zealot x4  
Tags
 
Add a new tag
Caveats
  • Supply blocks, unpowered buildings, or Contaminate may cause inaccurate times.
  • Supply counts are checked every 10 seconds.